 Seeded DCSS version 0.30-a0-920-g7493c07aab (webtiles) character file.

Game seed: 3425090202442293766 (custom seed)

425163 bmack86 the Slayer (level 22, -36/231 (232) HPs)
             Began as a Minotaur Fighter on Mar 21, 2023.
             Was the Champion of Okawaru.
             Killed from afar by a frost giant (64 damage)
             ... with a bolt of cold
             ... on level 5 of the Vaults on Mar 22, 2023.
             The game lasted 02:19:35 (47495 turns).

bmack86 the Slayer (Minotaur Fighter)              Turns: 47495, Time: 02:19:36

HP:   -36/231 (232) AC: 46    Str: 34    XL:     22   Next: 73%
MP:   32/32         EV:  9    Int:  7    God:    Okawaru [******]
Gold: 3706          SH: 29    Dex: 10    Spells: 21/21 levels left

rFire   . . .      SeeInvis .    G - +9 war axe of Jokit {elec, rElec Will+ Dex+3 Stlth+}
rCold   x . .      Faith    .    H - +2 tower shield {AC+3}
rNeg    . . .      Spirit   .    A - +9 plate armour {Will+}
rPois   +          Reflect  +    O - +2 hat
rElec   +          Rampage  .    l - +2 cloak {rCorr}
rCorr   +                        j - +2 pair of gloves
Will    ++...                    P - +0 pair of boots "Cado Gui" {rElec Dex-4 Slay+3} Stlth
                                 m - amulet of reflection
HPRegen 0.58/turn                i - ring "Lisur" {Fly rPois rC- Str+3 Slay+3}
MPRegen 0.23/turn                c - ring "Qaese" {Will++ Str+2 Slay+4}

@: weak-willed, flying, studying 3 skills, lightly drained
A: horns 2, retaliatory headbutt
}: 2/15 runes: serpentine, barnacled
a: Renounce Religion, Heroism, Finesse, Duel


You were on level 5 of the Vaults.
You worshipped Okawaru.
Okawaru was exalted by your worship.
You visited 7 branches of the dungeon, and saw 38 of its levels.
You visited 1 bazaar.
You also visited: Bailey and Ice Cave.

You collected 8230 gold pieces.
You spent 4524 gold pieces at shops.

Inventory:

Hand Weapons
 G - the +9 war axe of Jokit (weapon) {elec, rElec Will+ Dex+3 Stlth+}
   (Okawaru gifted it to you on level 13 of the Dungeon)

   Dex:       It affects your dexterity (+3).
   rElec:     It insulates you from electricity.
   Will:      It increases your willpower.
   Stlth:     It makes you more stealthy.
 Q - a +7 broad axe of freezing
 X - the +7 lajatang of Order {silver, rMut}
   (Okawaru gifted it to you on level 1 of the Elven Halls)

   rMut:      It protects you from mutation.
Missiles
 k - 11 curare-tipped darts
 o - 9 throwing nets
 t - 28 javelins
 C - 47 boomerangs (quivered)
 N - 21 silver javelins
 Y - 7 silver boomerangs
Armour
 j - a +2 pair of gloves (worn)
 l - a +2 cloak of preservation (worn)
 u - a +0 tower shield of cold resistance
 A - a +9 plate armour of willpower (worn)
 H - a +2 tower shield of protection (worn)
 O - a +2 hat (worn)
 P - the +0 pair of boots "Cado Gui" (worn) {rElec Dex-4 Slay+3}
   (You acquired it on level 8 of the Dungeon)

   Dex:       It affects your dexterity (-4).
   Slay:      It affects your accuracy & damage with ranged weapons and melee
   (+3).
   rElec:     It insulates you from electricity.
 V - the +2 pair of boots "Ehieff" {rF- Will+++ Int+6}
   (Okawaru gifted it to you on level 4 of the Snake Pit)

   Int:       It affects your intelligence (+6).
   rF:        It makes you vulnerable to fire.
   Will:      It greatly increases your willpower.
Jewellery
 b - a ring of resist corrosion
 c - the ring "Qaese" (right hand) {Will++ Str+2 Slay+4}
   (You found it on level 14 of the Dungeon)

   [ring of slaying]

   Str:       It affects your strength (+2).
   Slay:      It affects your accuracy & damage with ranged weapons and melee
   (+4).
   Will:      It greatly increases your willpower.
 f - a ring of see invisible
 i - the ring "Lisur" (left hand) {Fly rPois rC- Str+3 Slay+3}
   (You acquired it in a bazaar)

   [ring of flight]

   Str:       It affects your strength (+3).
   Slay:      It affects your accuracy & damage with ranged weapons and melee
   (+3).
   rC:        It makes you vulnerable to cold.
   rPois:     It protects you from poison.
   Fly:       It grants you flight.
 m - an amulet of reflection (around neck)
 p - a +4 ring of protection
 F - the ring "Yruvimp" {rF+ Will+ Str+4}
   (You found it on level 1 of the Vaults)

   [ring of willpower]

   Str:       It affects your strength (+4).
   rF:        It protects you from fire.
   Will:      It increases your willpower.
 K - an amulet of guardian spirit
 L - a +4 ring of protection
 S - an amulet of regeneration
Wands
 D - a wand of mindburst (6)
 E - a wand of flame (41)
 I - a wand of digging (16)
 W - a wand of light (5)
Scrolls
 a - 7 scrolls of fear
 e - 4 scrolls of blinking
 h - 2 scrolls of magic mapping
 r - 12 scrolls of identify
 s - 2 scrolls of silence
 y - 18 scrolls of teleportation
 B - 12 scrolls of fog
 J - 2 scrolls of poison
Potions
 d - 10 potions of might
 g - 18 potions of curing
 n - 6 potions of resistance
 q - 2 potions of invisibility
 v - 6 potions of flight
 w - 3 potions of brilliance
 x - 15 potions of heal wounds
 z - 7 potions of ambrosia
 R - 6 potions of haste
 U - 5 potions of cancellation


   Skills:
 + Level 26.9 Fighting
 - Level 19.3 Axes
 * Level 15.3 Staves
 - Level 10.0 Throwing
 + Level 25.8 Armour
 + Level 23.5 Shields
 - Level 15.0 Invocations


You had 21 spell levels left.
You didn't know any spells.
Your spell library contained the following spells:

 Spells                   Type           Power      Damage    Failure   Level
 Foxfire                  Conj/Fire      0%         2x1d4     87%         1
 Freeze                   Ice            0%         1d3       87%         1
 Kiss of Death            Conj/Necr      0%         2d5       87%         1
 Magic Dart               Conj           0%         1d3       87%         1
 Sandblast                Erth           0%         2d4       87%         1
 Blink                    Tloc           0%         N/A       95%         2
 Cigotuvi's Dreadful Rot  Necr/Pois/Air  0%         N/A       95%         2
 Ensorcelled Hibernation  Hex/Ice        0%         N/A       95%         2
 Lesser Beckoning         Tloc           0%         N/A       95%         2
 Passwall                 Tmut/Erth      0%         N/A       95%         2
 Poisonous Vapours        Pois/Air       0%         N/A       95%         2
 Searing Ray              Conj           0%         2d4       95%         2
 Sublimation of Blood     Necr           0%         N/A       95%         2
 Wereblood                Tmut           0%         N/A       95%         2
 Confusing Touch          Hex            0%         N/A       99%         3
 Dazzling Flash           Conj/Hex       0%         N/A       99%         3
 Frozen Ramparts          Ice            0%         1d1       99%         3
 Gell's Gravitas          Tloc           0%         N/A       99%         3
 Hailstorm                Conj/Ice       0%         3d3       99%         3
 Inner Flame              Hex/Fire       0%         N/A       99%         3
 Mephitic Cloud           Conj/Pois/Air  0%         N/A       99%         3
 Ozocubu's Armour         Ice            0%         N/A       99%         3
 Portal Projectile        Hex/Tloc       0%         N/A       99%         3
 Stone Arrow              Conj/Erth      0%         3d7       99%         3
 Swiftness                Air            0%         N/A       99%         3
 Teleport Other           Tloc           0%         N/A       99%         3
 Vhi's Electric Charge    Tloc/Air       0%         N/A       99%         3
 Anguish                  Hex/Necr       0%         N/A       100%        4
 Dispel Undead            Necr           0%         3d6       100%        4
 Flame Wave               Conj/Fire      0%         2d4       100%        4
 Fulminant Prism          Conj/Hex       0%         3d5       100%        4
 Ice Form                 Ice/Tmut       0%         N/A       100%        4
 Manifold Assault         Tloc           0%         N/A       100%        4
 Petrify                  Tmut/Erth      0%         N/A       100%        4
 Sticky Flame             Conj/Fire      0%         2d3       100%        4
 Agony                    Necr           0%         N/A       100%        5
 Arcjolt                  Conj/Air       0%         1d10      100%        5
 Blade Hands              Tmut           0%         N/A       100%        5
 Borgnjor's Vile Clutch   Necr/Erth      0%         N/A       100%        5
 Fireball                 Conj/Fire      0%         3d3       100%        5
 Iskenderun's Battlesphe  Conj           0%         2d6       100%        5
 Metabolic Englaciation   Hex/Ice        0%         N/A       100%        5
 Silence                  Hex/Air        0%         N/A       100%        5
 Iron Shot                Conj/Erth      0%         9d1       100%        6
 Starburst                Conj/Fire      0%         6d3       100%        6
 Statue Form              Tmut/Erth      0%         N/A       100%        6
 Ozocubu's Refrigeration  Ice            0%         4d7       100%        7
 Storm Form               Tmut/Air       0%         N/A       100%        7
 Maxwell's Capacitive Co  Air            0%         ∞         100%        8
 Tukima's Dance           Hex            Unusable   N/A       N/A         3
 Simulacrum               Ice/Necr       Unusable   N/A       N/A         6
 Spellforged Servitor     Conj/Summ      Unusable   N/A       N/A         7
 Summon Hydra             Summ           Unusable   N/A       N/A         7

Dungeon Overview and Level Annotations

Branches:
Dungeon (15/15)            Temple (0/1) D:5            Lair (5/5) D:10
 Shoals (4/4) Lair:3        Snake (4/4) Lair:3        Slime (0/5) Lair:5
    Orc (2/2) D:10            Elf (3/3) Orc:2        Vaults (5/5) D:13
  Crypt (0/3) Vaults:3     Depths (0/4) D:15         Bailey (visited)
  IceCv (visited)

Altars:
Elyvilon
Gozag
Nemelex Xobeh
Okawaru
Qazlal
Trog
Uskayaw
Wu Jian
Xom
Yredelemnul
Zin
The Shining One
Lugonu

Shops:
D:2 ?(   D:6 *=   D:13 ?   D:15 *   Orc:2 =:(([   Elf:3 :=:   Snake:2 *((*
Vaults:1 (   Vaults:2 :

Portals:
Abyss: Lair:5

Annotations:
D:9 2 transporters, patfeehan111222's ghost, novice MiBe
D:11 2 transporters, DeathPants's ghost, journeyman VSBr


Innate Abilities, Weirdness & Mutations

You have a pair of horns on your head.
You reflexively headbutt those who attack you in melee.


Message History

You block the golden dragon's attack. x3
Unknown command.
You slice the golden dragon!! You headbutt the golden dragon!
The golden dragon is almost dead.
The deep elf high priest mumbles some strange prayers to its god.
The deep elf high priest begins emitting a brilliant aura!
The frost giant is empowered by the deep elf high priest's aura!
The frost giant drinks a potion.
The frost giant seems to grow stronger.
You block the golden dragon's attack. x3
You slash the golden dragon! You headbutt the golden dragon.
You kill the golden dragon!
Okawaru accepts your kill.
The gold dragon scales are intact enough to wear.
A titan comes into view.
The frost giant gestures at you while chanting.
The bolt of cold hits you!!!
You feel a terrible chill!
* * * LOW HITPOINT WARNING * * *
A yaktaur captain comes into view.
It is wearing the ring "Obeoll" {rElec rF+ Will+ Int-4 Dex+6}.
Items here: )) [[[[ ÷ †.
The yaktaur captain shouts!
You slice the frost giant!! You headbutt the frost giant.
The frost giant is moderately wounded.
You slash the frost giant!
The frost giant is moderately wounded.
The titan points at you and mumbles some strange words.
The bolt of lightning hits you. You resist.
* * * LOW HITPOINT WARNING * * *
You block the frost giant's attack.
You hear a shout! x11
You slice the frost giant!! You headbutt the frost giant.
The frost giant is heavily wounded.
The deep elf high priest utters a dark prayer and points at you.
Your life force is offered up.
* * * LOW HITPOINT WARNING * * *
The frost giant is healed.
The titan waves its arms in wide circles.
The air twists around and strikes you. The frost giant casts a spell at you.
The bolt of cold hits you!!!
You feel a terrible chill!
You die...

....#....#
...#....# #..
###..#....##...
...|#....#)..#
...........#
#######........###
.......[)[<<......
......()[<[.<.....
........)@C<......
..................
#######)....e..###
...........c.#
.##..#....#.#..
##C#....##.#.
#.#....# $.#
..#....# #. #....#


You could see a titan, a frost giant (strong, empowered), a yaktaur captain and
a deep elf high priest (brilliance aura).

Vanquished Creatures
  A dread lich (Vaults:4)
  Mara (Shoals:3)
  An ancient lich (Vaults:5)
  Mennas (Vaults:4)
  Saint Roka (Snake:3)
  Margery (Arena)
  The ghost of Reyb the Executioner, a veteran DsGl of Okawaru (Vaults:1)
  2 golden dragons (Vaults:5)
  Mlioglotl (Snake:1)
  A tentacled monstrosity (Vaults:5)
  2 titans (Vaults:5)
  A deep elf blademaster (Elf:3)
  A deep elf master archer (Elf:3)
  2 krakens
  A quicksilver dragon (Vaults:5)
  Polyphemus (Shoals:4)
  A tengu reaver (Vaults:5)
  3 sphinxes
  The ghost of Holoquod the Severer, an adept MiMo of Ashenzari (Snake:1)
  Roxanne (Snake:3)
  A storm dragon (Shoals:4)
  A fire giant (Vaults:5)
  A shadow dragon (Vaults:5)
  9 nagarajas
  2 iron dragons
  4 deep elf sorcerers (Elf:3)
  11 vault wardens
  Louise (Elf:3)
  Aizul (Snake:1)
  The ghost of GigaChad the Severer, a journeyman FoFi (Orc:2)
  A curse skull (Vaults:3)
  5 deep elf elementalists
  12 ironbound preservers
  2 war gargoyles
  An orc warlord (Orc:1)
  9 very ugly things
  3 stone giants
  Nessos (D:13)
  A minotaur (Orc:2)
  5 dire elephants (Vaults:3)
  5 deep elf demonologists (Elf:3)
  10 deep elf annihilators (Elf:3)
  A minotaur (shapeshifter) (Vaults:4)
  An ironbound thunderhulk (Vaults:2)
  The ghost of Dodiz the Carver, a journeyman BaFi of Cheibriados (D:13)
  2 ettins (Vaults:5)
  5 merfolk javelineers (Shoals:4)
  9 great orbs of eyes
  The ghost of petzl the Covert, a journeyman FoDe of Vehumet (D:6)
  9 deep elf death magi
  9 merfolk impalers
  6 deep elf high priests
  2 entropy weavers
  A salamander tyrant (Snake:2)
  32 vault guards
  5 yaktaur captains
  Fannar (Orc:1)
  Erolcha (Orc:1)
  A rakshasa (Vaults:1)
  8 centaur warriors
  10 hydras
  A peacekeeper (Vaults:3)
  4 catoblepae
  2 merfolk avatars
  An ogre mage (D:13)
  8 ironbound frosthearts
  3 alligator snapping turtles
  21 anacondas
  3 merfolk aquamancers (Shoals:4)
  4 satyrs
  8 boulder beetles
  9 two-headed ogres
  3 tengu warriors
  19 naga warriors
  7 death yaks
  12 shock serpents
  30 dancing weapons
  14 naga sharpshooters
  3 thrashing horrors (Lair:5)
  Urug (D:13)
  5 hell knights
  Sonja (Lair:3)
  19 deep elf knights
  A fire crab (D:13)
  A shadow wraith (D:13)
  Amaemon (Lair:1)
  A skeletal warrior (D:13)
  2 salamander mystics
  29 deep trolls
  8 skysharks
  26 sea snakes
  7 wizards
  7 naga ritualists
  A glowing orange brain (D:15)
  17 deep elf archers
  4 phantasmal warriors
  Pikel (D:9)
  18 ironbound convokers
  17 lindwurms
  6 necromancers
  18 harpies
  A bog body (IceCv)
  8 orc sorcerers
  39 deep elf pyromancers
  38 deep elf zephyrmancers
  3 orc knights
  A mana viper (shapeshifter) (D:15)
  16 mana vipers
  41 ugly things
  12 cyclopes
  12 manticores
  7 fauns (Shoals:3)
  8 salamanders
  An elephant (shapeshifter) (Elf:2)
  4 guardian serpents
  29 elephants
  8 water nymphs
  A smoke demon (Lair:5)
  8 merfolk sirens
  17 naga magi
  2 ice statues (IceCv)
  15 vault sentinels
  42 black mambas
  An orange demon (Lair:1)
  10 cane toads
  2 gargoyles
  2 unseen horrors (D:13)
  A cane toad (shapeshifter) (D:13)
  Psyche (D:9)
  11 komodo dragons
  A yaktaur zombie (Vaults:4)
  6 freezing wraiths
  2 efreet (D:13)
  6 ice devils (IceCv)
  A tengu conjurer (D:15)
  24 yaktaurs
  2 anaconda simulacra (IceCv)
  An ancient zyme (Lair:5)
  Prince Ribbit (Bailey)
  A meliai (shapeshifter) (D:14)
  11 trolls
  3 polar bears
  10 wind drakes
  40 merfolk
  Grinder (D:4)
  15 blink frogs
  A snapping turtle (shapeshifter) (Lair:5)
  6 snapping turtles
  A hornet (D:8)
  31 dream sheep
  Sigmund (D:3)
  3 shadows
  A flying skull (Vaults:3)
  35 slime creatures
  8 air elementals
  A jumping spider (Vaults:4)
  A jumping spider (shapeshifter) (Elf:2)
  5 wyverns
  4 wraiths
  A vampire (D:12)
  2 ynoxinuls (Lair:5)
  2 fire elementals
  21 water elementals
  58 yaks
  3 dire elephant simulacra (IceCv)
  7 basilisks
  12 vampire mosquitoes
  A steam dragon (D:8)
  26 humans
  A redback (Vaults:2)
  2 chaos spawn (Lair:5)
  3 harpy simulacra (IceCv)
  6 large abominations
  45 nagas
  2 hydra simulacra (IceCv)
  15 wargs
  2 acid dragons
  A glowing shapeshifter zombie (Vaults:4)
  13 water moccasins
  3 ice beasts
  A sky beast (D:7)
  10 small abominations (Lair:5)
  38 orc warriors
  A black bear (shapeshifter) (D:13)
  3 black bears
  12 ogres
  A tengu (shapeshifter) (Vaults:5)
  12 wolves
  A boggart (Vaults:1)
  16 centaurs
  4 elf zombies (Elf:1)
  2 kobold brigands
  2 gnoll sergeants
  3 scorpions
  16 bullfrogs
  A human skeleton (Vaults:4)
  A cane toad simulacrum (IceCv)
  5 killer bees (D:11)
  7 electric eels
  5 howler monkeys
  A crimson imp (D:4)
  17 orc priests
  11 hounds
  A jelly (D:6)
  2 sleepcaps (D:6)
  2 iguanas (D:6)
  Terence (D:3)
  40 orc wizards
  A wolf simulacrum (IceCv)
  7 gnolls
  5 adders
  A shadow imp (D:5)
  A white imp (Vaults:4)
  2 ufetubi (IceCv)
  A worm (D:2)
  14 dart slugs
  109 orcs
  8 ball pythons
  7 bats
  5 endoplasms
  3 giant cockroaches
  12 goblins
  9 hobgoblins
  A jackal (D:7)
  11 kobolds
  A quokka (D:2)
  4 frilled lizards
  A goblin skeleton (D:4)
  A goblin zombie (D:4)
  A hobgoblin zombie (D:4)
  A kobold skeleton (D:4)
  2 kobold zombies (D:4)
  An orc skeleton (D:4)
  12 rats
  10 butterflies (Vaults:1)
  2 starspawn tentacles (Snake:1)
  7 tentacles
1806 creatures vanquished.

Vanquished Creatures (others)
  A wizard (D:15)
  A guardian serpent (Snake:2)
  A merfolk (Shoals:4)
  5 orc wizards (Orc:2)
  3 orcs
  41 fungi
  162 plants
  4 starspawn tentacles (Snake:1)
  6 tentacles
224 creatures vanquished.

Grand Total: 2030 creatures vanquished

Notes
Turn   | Place    | Note
-------+----------+-------------------------------------------
     0 | D:1      | bmack86 the Minotaur Fighter began the quest for the Orb.
     0 | D:1      | Reached XP level 1. HP: 19/19 MP: 0/0
   179 | D:1      | Reached XP level 2. HP: 26/27 MP: 1/1
   547 | D:1      | Found a faded altar of an unknown god.
   684 | D:2      | Reached XP level 3. HP: 33/33 MP: 2/2
   744 | D:2      | Reached skill level 4 in Fighting
  1092 | D:2      | Found Lipoy's Magic Scroll Boutique.
  1097 | D:2      | Bought 2 scrolls of identify for 44 gold pieces
  1097 | D:2      | Bought a scroll of identify for 22 gold pieces
  1097 | D:2      | Bought a scroll of identify for 22 gold pieces
  1113 | D:2      | Found Nareh's Weapon Boutique.
  1169 | D:2      | Reached XP level 4. HP: 39/40 MP: 3/3
  1550 | D:3      | Reached skill level 1 in Throwing
  1824 | D:3      | Noticed Terence
  1829 | D:3      | Killed Terence
  1837 | D:3      | Reached XP level 5. HP: 43/46 MP: 2/4
  1944 | D:3      | Noticed Sigmund
  1955 | D:3      | Killed Sigmund
  1956 | D:3      | Reached skill level 5 in Axes
  1956 | D:3      | Reached XP level 6. HP: 39/53 MP: 3/5
  2442 | D:4      | Noticed Grinder
  2559 | D:4      | Found a white marble altar of Elyvilon.
  2559 | D:4      | Found an ornate altar of the Wu Jian Council.
  2559 | D:4      | Found a basalt altar of Yredelemnul.
  2618 | D:4      | Reached skill level 5 in Armour
  2655 | D:5      | Entered Level 5 of the Dungeon
  2673 | D:5      | Reached skill level 5 in Shields
  2774 | D:5      | Found a staircase to the Ecumenical Temple.
  2781 | D:5      | Reached skill level 5 in Fighting
  2781 | D:5      | Reached XP level 7. HP: 51/61 MP: 3/6
  2853 | D:5      | Found an iron altar of Okawaru.
  2869 | D:5      | Became a worshipper of Warmaster Okawaru
  3027 | D:4      | Paralysed by Grinder for 3 turns
  3033 | D:4      | Killed Grinder
  3033 | D:4      | Reached * piety under Okawaru
  3034 | D:4      | Reached skill level 1 in Invocations
  3431 | D:4      | Found a glowing golden altar of the Shining One.
  4132 | D:5      | Identified the +2 robe of a Hundred Friends {rElec Str+4
                  | Int-5 Slay+3}
  4326 | D:5      | HP: 1/61 [ogre/+0 giant club (15)]
  4328 | D:5      | Reached XP level 8. HP: 2/70 MP: 0/8
  5008 | D:6      | Found a bloodstained altar of Trog.
  5014 | D:6      | Reached skill level 6 in Fighting
  5095 | D:6      | Found Kausagei's Jewellery Shop.
  5108 | D:6      | Found Xyeg's General Store.
  5264 | D:6      | Found a glowing silver altar of Zin.
  5388 | D:6      | Found a runed translucent gate.
  5388 | D:6      | Noticed petzl's ghost (journeyman FoDe)
  5389 | D:6      | Found a runed translucent gate.
  5390 | D:6      | Found a runed translucent gate.
  5569 | D:6      | Killed petzl's ghost
  5569 | D:6      | Reached ** piety under Okawaru
  5570 | D:6      | Reached XP level 9. HP: 12/78 MP: 2/10
  5826 | D:6      | Reached skill level 7 in Fighting
  6322 | D:7      | Reached *** piety under Okawaru
  6323 | D:7      | Reached skill level 5 in Throwing
  6348 | D:7      | Reached **** piety under Okawaru
  6349 | D:7      | Reached XP level 10. HP: 83/88 MP: 10/12
  6378 | D:7      | Reached skill level 10 in Axes
  6380 | D:7      | Received a gift from Okawaru
  6409 | D:7      | Reached skill level 8 in Fighting
  7225 | D:8      | Found a hide-covered altar of Uskayaw.
  7265 | D:8      | Identified 4 scrolls of acquirement
  7265 | D:8      | Acquired the +0 pair of boots "Cado Gui" {rElec Dex-4
                  | Slay+3}
  7278 | D:8      | Acquired the ring "Lanuw" {rC- rCorr Str+4 Int+6}
  7281 | D:8      | Acquired a +2 broad axe of electrocution
  7283 | D:8      | Acquired a manual of Axes
  7438 | D:8      | Noticed a purple ugly thing
  7445 | D:8      | Killed a purple ugly thing
  7446 | D:8      | Reached skill level 5 in Invocations
  7573 | D:8      | Paralysed by a hornet for 3 turns
  7667 | D:8      | Reached ***** piety under Okawaru
  7908 | D:9      | Noticed a moth of wrath
  7909 | D:9      | Noticed patfeehan111222's ghost (novice MiBe)
  7918 | D:9      | Found a transporter.
  7940 | D:9      | Found a transporter.
  7974 | D:9      | Received a gift from Okawaru
  8094 | D:9      | Found a stormy altar of Qazlal.
  8218 | D:9      | Noticed Psyche
  8236 | D:9      | Killed Psyche
  8617 | D:9      | Noticed Pikel
  8623 | D:9      | Killed Pikel
  8623 | D:9      | Received a gift from Okawaru
  8624 | D:9      | Reached XP level 11. HP: 90/95 MP: 12/14
  8821 | D:10     | Entered Level 10 of the Dungeon
  8834 | D:10     | Received a gift from Okawaru
  8835 | D:10     | Reached skill level 9 in Fighting
  8909 | D:10     | Found a flagged portal.
  8936 | Bailey   | Entered a bailey
  9070 | Bailey   | Noticed Prince Ribbit
  9070 | Bailey   | Noticed a vault guard
  9078 | Bailey   | Killed Prince Ribbit
  9078 | Bailey   | Received a gift from Okawaru
  9082 | Bailey   | Killed a vault guard
  9123 | Bailey   | Noticed a vault guard
  9132 | Bailey   | Killed a vault guard
  9478 | D:10     | Received a gift from Okawaru
  9509 | D:10     | Found a staircase to the Orcish Mines.
  9534 | D:10     | Found a staircase to the Lair.
  9796 | D:10     | Found an opulent altar of Gozag.
  9797 | D:10     | Found a sparkling altar of Nemelex Xobeh.
  9977 | D:11     | Noticed a boulder beetle
  9998 | D:11     | Killed a boulder beetle
  9998 | D:11     | Reached ****** piety under Okawaru
 10009 | D:11     | Found a transporter.
 10015 | D:11     | Noticed DeathPants's ghost (journeyman VSBr)
 10028 | D:11     | Noticed a two-headed ogre
 10035 | D:11     | Killed a two-headed ogre
 10279 | D:11     | Reached XP level 12. HP: 94/106 MP: 16/16
 10409 | D:11     | Found a transporter.
 10449 | D:11     | Reached skill level 15 in Axes
 10600 | D:11     | Reached skill level 10 in Shields
 10604 | D:11     | Identified the +5 plate armour "Bodekad" {rN+ Str+3}
                  | (Okawaru gifted it to you on level 11 of the Dungeon)
 10604 | D:11     | Received a gift from Okawaru
 10605 | D:11     | Reached skill level 10 in Fighting
 10625 | D:12     | Noticed a two-headed ogre
 10634 | D:12     | Killed a two-headed ogre
 10635 | D:12     | Reached skill level 10 in Armour
 10787 | D:12     | Noticed a boulder beetle
 10796 | D:12     | Killed a boulder beetle
 11290 | D:13     | Found a shimmering altar of Xom.
 11290 | D:13     | Found a shimmering altar of Xom.
 11290 | D:13     | Found a shimmering altar of Xom.
 11290 | D:13     | Found a shimmering altar of Xom.
 11290 | D:13     | Found a shimmering altar of Xom.
 11290 | D:13     | Found Taulo's Magic Scroll Shoppe.
 11333 | D:13     | Noticed a centaur warrior
 11347 | D:13     | Killed a centaur warrior
 11354 | D:13     | Noticed a two-headed ogre
 11360 | D:13     | Found a runed translucent gate.
 11360 | D:13     | Found a runed translucent gate.
 11360 | D:13     | Found a runed translucent gate.
 11362 | D:13     | Noticed Dodiz's ghost (journeyman BaFi)
 11368 | D:13     | Killed a two-headed ogre
 11369 | D:13     | Noticed a two-headed ogre
 11370 | D:13     | Noticed a two-headed ogre
 11385 | D:13     | Killed a two-headed ogre
 11385 | D:13     | Identified the +9 war axe of Jokit {elec, rElec Will+ Dex+3
                  | Stlth+} (Okawaru gifted it to you on level 13 of the
                  | Dungeon)
 11385 | D:13     | Received a gift from Okawaru
 11391 | D:13     | Killed a two-headed ogre
 11392 | D:13     | Noticed Nessos
 11396 | D:13     | Noticed Urug
 11418 | D:13     | Noticed a centaur warrior
 11426 | D:13     | Killed a centaur warrior
 11438 | D:13     | Reached XP level 13. HP: 61/115 MP: 15/18
 11440 | D:13     | Reached skill level 11 in Fighting
 11440 | D:13     | Found a shimmering altar of Xom.
 11494 | D:13     | Killed Nessos
 11572 | D:13     | Identified the +10 chain mail "Gaest" {Int+2} (Okawaru
                  | gifted it to you on level 13 of the Dungeon)
 11572 | D:13     | Received a gift from Okawaru
 11597 | D:13     | Bought a scroll of enchant weapon for 105 gold pieces
 11597 | D:13     | Bought a scroll of teleportation for 42 gold pieces
 11653 | D:13     | Killed Urug
 12200 | D:13     | Acquired 1025 gold pieces
 12311 | D:13     | Reached skill level 12 in Fighting
 12511 | D:13     | Found a shimmering altar of Xom.
 12550 | D:13     | Found a gate to the Vaults.
 12613 | D:13     | Killed Dodiz's ghost
 12701 | D:14     | Identified the scarf of the Ant {shadows, Drain rElec rF-
                  | Will+ Dex+8} (Okawaru gifted it to you on level 14 of the
                  | Dungeon)
 12701 | D:14     | Received a gift from Okawaru
 12722 | D:14     | Reached XP level 14. HP: 84/126 MP: 20/20
 13140 | D:14     | Identified the ring "Qaese" {Will++ Str+2 Slay+4}
 13391 | D:15     | Entered Level 15 of the Dungeon
 13424 | D:15     | Reached skill level 10 in Throwing
 13737 | D:15     | Reached skill level 10 in Invocations
 13809 | D:15     | Noticed a green very ugly thing
 13810 | D:15     | Noticed a purple very ugly thing
 13819 | D:15     | Killed a purple very ugly thing
 13820 | D:15     | Reached skill level 13 in Fighting
 13824 | D:15     | Killed a purple very ugly thing
 13858 | D:15     | Found a staircase to the Depths.
 14074 | D:15     | Received a gift from Okawaru
 14088 | D:15     | Found Pial's General Store.
 14248 | Lair:1   | Entered Level 1 of the Lair of Beasts
 14596 | Lair:1   | Noticed Amaemon
 14603 | Lair:1   | Killed Amaemon
 15183 | Lair:2   | Identified the +0 pair of boots of Aquasel {Int+5 Dex+3}
                  | (Okawaru gifted it to you on level 2 of the Lair of Beasts)
 15183 | Lair:2   | Received a gift from Okawaru
 15427 | Lair:2   | Reached XP level 15. HP: 127/137 MP: 22/22
 15612 | Lair:2   | Reached skill level 14 in Fighting
 16064 | Lair:3   | Found a staircase to the Snake Pit.
 16126 | Lair:3   | Noticed Sonja
 16131 | Lair:3   | Killed Sonja
 16591 | Lair:3   | Received a gift from Okawaru
 16853 | Lair:3   | Found a staircase to the Shoals.
 16967 | Lair:4   | Received a gift from Okawaru
 17091 | Lair:4   | Received a gift from Okawaru
 17231 | Lair:4   | Identified the +0 hat of Polish {-Cast Dex+3} (Okawaru
                  | gifted it to you on level 4 of the Lair of Beasts)
 17231 | Lair:4   | Received a gift from Okawaru
 17583 | Lair:5   | Entered Level 5 of the Lair of Beasts
 17689 | Lair:5   | Reached skill level 15 in Fighting
 17691 | Lair:5   | Reached skill level 15 in Shields
 17766 | Lair:5   | Reached skill level 15 in Armour
 18033 | Lair:5   | Found a staircase to the Slime Pits.
 18261 | Lair:5   | Received a gift from Okawaru
 18261 | Lair:5   | Identified the +9 spear "Dioxal" {freeze, rN+ Str-4 Int+2}
 18263 | Lair:5   | Reached XP level 16. HP: 117/149 MP: 24/24
 18844 | Lair:5   | Found a corrupted altar of Lugonu.
 18844 | Lair:5   | Found a one-way gate to the infinite horrors of the Abyss.
 19211 | Orc:1    | Entered Level 1 of the Orcish Mines
 19230 | Orc:1    | Noticed Erolcha
 19242 | Orc:1    | Killed Erolcha
 19284 | Orc:1    | Noticed Fannar
 19289 | Orc:1    | Killed Fannar
 19462 | Orc:1    | Received a gift from Okawaru
 19747 | Orc:2    | Entered Level 2 of the Orcish Mines
 19755 | Orc:2    | Found a staircase to the Elven Halls.
 19781 | Orc:2    | Found a runed translucent gate.
 19781 | Orc:2    | Found a runed translucent gate.
 19781 | Orc:2    | Found a runed translucent gate.
 19783 | Orc:2    | Noticed GigaChad's ghost (journeyman FoFi)
 19792 | Orc:2    | Found a frozen archway.
 19811 | Orc:2    | Found Fotsibly's Jewellery Boutique.
 19816 | IceCv    | Entered an ice cave
 19963 | IceCv    | Reached skill level 16 in Fighting
 20060 | IceCv    | Identified the +7 chain mail of Sloth {rF- Str+5 SInv}
 20337 | Orc:2    | Killed GigaChad's ghost
 20337 | Orc:2    | Received a gift from Okawaru
 20337 | Orc:2    | Found the +13 scythe of Curses {drain, curses, Drain}
 20582 | Orc:2    | Found Jiot's Armour Shop.
 20582 | Orc:2    | Found Jeuzak's Weapon Emporium.
 20623 | Orc:2    | Bought a +1 plate armour of willpower for 455 gold pieces
 20672 | Orc:2    | Found Paxum's Weapon Shop.
 20672 | Orc:2    | Found Veusifep's Book Emporium.
 21551 | D:2      | Bought a scroll of blinking for 82 gold pieces
 21551 | D:2      | Bought a scroll of teleportation for 33 gold pieces
 21689 | D:6      | Bought 2 scrolls of teleportation for 78 gold pieces
 21689 | D:6      | Bought a scroll of fear for 52 gold pieces
 21689 | D:6      | Bought a scroll of teleportation for 39 gold pieces
 21698 | D:6      | Bought a ring of poison resistance for 300 gold pieces
 21882 | Snake:1  | Entered Level 1 of the Snake Pit
 21888 | Snake:1  | Noticed Aizul
 21897 | Snake:1  | Killed Aizul
 22071 | Snake:1  | Noticed Mlioglotl
 22073 | Snake:1  | Noticed a tentacled starspawn
 22076 | Snake:1  | Noticed a tentacled monstrosity
 22098 | Snake:1  | Received a gift from Okawaru
 22121 | Snake:1  | Killed Mlioglotl
 22319 | Snake:1  | Reached XP level 17. HP: 148/160 MP: 26/26
 22462 | Snake:1  | Received a gift from Okawaru
 22464 | Snake:1  | Reached skill level 17 in Fighting
 22674 | Snake:1  | Found a shimmering altar of Xom.
 22674 | Snake:1  | Noticed Holoquod's ghost (adept MiMo)
 22674 | Snake:1  | Identified the +2 battleaxe of Honour {chaos, *Noise Fly
                  | Will+++ Str-2}
 22675 | Snake:1  | Found a runed translucent door.
 22702 | Snake:1  | Killed Holoquod's ghost
 22713 | Snake:1  | Identified the +6 falchion "bmack86's Peril" {spect, rPois
                  | MP+9 Str+2 Int-4}
 22869 | Snake:1  | Received a gift from Okawaru
 22985 | Snake:2  | Found Motudal's Assorted Antiques.
 23369 | Snake:2  | Bought a scroll of enchant armour for 142 gold pieces
 23369 | Snake:2  | Bought a potion of curing for 57 gold pieces
 23641 | Snake:2  | Found Ekhien's General Store.
 23643 | Snake:2  | Found Xifran's Weapon Shop.
 23646 | Snake:2  | Found Biarol's Weapon Boutique.
 23667 | Snake:2  | Bought a potion of cancellation for 168 gold pieces
 23667 | Snake:2  | Bought a potion of heal wounds for 105 gold pieces
 24010 | Snake:3  | Found a runed translucent gate.
 24016 | Snake:3  | Received a gift from Okawaru
 24302 | Snake:3  | Found a runed translucent gate.
 24302 | Snake:3  | Found a runed translucent gate.
 24344 | Snake:3  | Received a gift from Okawaru
 24571 | Snake:3  | Noticed Roxanne
 24600 | Snake:3  | Killed Roxanne
 24611 | Snake:3  | Received a gift from Okawaru
 24805 | Snake:3  | Acquired a manual of Fighting
 24807 | Snake:3  | Acquired 1069 gold pieces
 24819 | Snake:3  | Noticed Saint Roka
 24845 | Snake:3  | Killed Saint Roka
 24845 | Snake:3  | Received a gift from Okawaru
 24850 | Snake:3  | Reached skill level 18 in Fighting
 24876 | Snake:3  | Acquired a manual of Armour
 25930 | Snake:3  | Reached XP level 18. HP: 155/173 MP: 28/28
 26142 | Snake:3  | Received a gift from Okawaru
 26156 | Snake:3  | Reached skill level 15 in Invocations
 26222 | Snake:4  | Entered Level 4 of the Snake Pit
 26276 | Snake:4  | Reached skill level 19 in Fighting
 27002 | Snake:4  | Identified the +2 pair of boots "Ehieff" {rF- Will+++
                  | Int+6} (Okawaru gifted it to you on level 4 of the Snake
                  | Pit)
 27002 | Snake:4  | Received a gift from Okawaru
 27907 | Snake:4  | Reached skill level 20 in Fighting
 27964 | Snake:4  | Got a serpentine rune of Zot
 28333 | Shoals:1 | Entered Level 1 of the Shoals
 29654 | Shoals:2 | Identified the +4 war axe of Okawaru's Hope {heavy, rF+
                  | Will- rCorr Int+6} (Okawaru gifted it to you on level 2 of
                  | the Shoals)
 29654 | Shoals:2 | Received a gift from Okawaru
 29827 | Shoals:2 | Reached skill level 21 in Fighting
 30680 | Shoals:3 | Found a flickering gateway to a bazaar.
 30689 | Bazaar   | Entered a bazaar
 30892 | Bazaar   | Found Jixem's General Store.
 30900 | Bazaar   | Bought a potion of resistance for 160 gold pieces
 30900 | Bazaar   | Bought a scroll of acquirement for 832 gold pieces
 30957 | Bazaar   | Found Teqirph's Antique Armour Shop.
 30964 | Bazaar   | Bought a pair of distressingly furry gloves for 218 gold
                  | pieces
 30964 | Bazaar   | Identified the +0 pair of gloves of Doggemen {-Tele +Inv
                  | rC+ Slay+6} (You bought it in a shop in a bazaar)
 30980 | Bazaar   | Found Vapud's Distillery.
 30988 | Bazaar   | Bought a potion of might for 36 gold pieces
 30988 | Bazaar   | Bought a potion of resistance for 90 gold pieces
 30988 | Bazaar   | Bought a potion of heal wounds for 45 gold pieces
 30988 | Bazaar   | Bought a potion of heal wounds for 45 gold pieces
 30988 | Bazaar   | Bought a potion of cancellation for 72 gold pieces
 31017 | Bazaar   | Found Cyve's Antique Weapon Emporium.
 31045 | Bazaar   | Acquired the ring "Lisur" {Fly rPois rC- Str+3 Slay+3}
 31113 | Shoals:3 | Reached XP level 19. HP: 175/190 MP: 29/29
 31121 | Shoals:3 | Identified the +1 steam dragon scales of the Shore {rPois
                  | rF++ Will- rCorr} (Okawaru gifted it to you on level 3 of
                  | the Shoals)
 31121 | Shoals:3 | Received a gift from Okawaru
 31651 | Shoals:3 | Noticed Mara
 31661 | Shoals:3 | Noticed bmack86's illusion
 31678 | Shoals:3 | Killed Mara
 32239 | Shoals:4 | Entered Level 4 of the Shoals
 32290 | Shoals:4 | Paralysed by an air elemental for 1 turns
 32299 | Shoals:4 | Reached skill level 22 in Fighting
 33112 | Shoals:4 | Paralysed by an air elemental for 1 turns
 33271 | Shoals:4 | Noticed Polyphemus
 33281 | Shoals:4 | Killed Polyphemus
 33384 | Shoals:4 | Identified the ring of the Shrike {MP+9 Int+5}
 33727 | Shoals:4 | Paralysed by an air elemental for 1 turns
 33759 | Shoals:4 | Received a gift from Okawaru
 33880 | Shoals:4 | Got a barnacled rune of Zot
 33985 | Shoals:4 | Paralysed by an air elemental for 1 turns
 33990 | Shoals:4 | Paralysed by an air elemental for 1 turns
 34290 | Elf:1    | Entered Level 1 of the Elven Halls
 34304 | Elf:1    | Received a gift from Okawaru
 34304 | Elf:1    | Found the +7 lajatang of Order {silver, rMut}
 34817 | Elf:1    | Reached skill level 1 in Staves
 35068 | Elf:1    | Paralysed by an air elemental for 1 turns
 35071 | Elf:1    | Paralysed by an air elemental for 1 turns
 35770 | Elf:1    | Identified the +3 pair of gloves of Dyspraxia {Contam rF+
                  | rC++ Will+} (Okawaru gifted it to you on level 1 of the
                  | Elven Halls)
 35770 | Elf:1    | Received a gift from Okawaru
 35776 | Elf:1    | Reached XP level 20. HP: 197/201 MP: 30/30
 36341 | Elf:2    | Identified the -1 pair of boots of Sucrel {Int+3 Slay+4
                  | SInv}
 36685 | Elf:2    | Reached skill level 23 in Fighting
 36918 | Elf:2    | Reached skill level 5 in Staves
 36919 | Elf:2    | Found a runed translucent gate.
 36920 | Elf:2    | Found a runed translucent gate.
 36920 | Elf:2    | Found a runed translucent gate.
 37903 | Elf:3    | Entered Level 3 of the Elven Halls
 38202 | Elf:3    | Received a gift from Okawaru
 38736 | Elf:3    | Found Acoawk's Jewellery Emporium.
 38737 | Elf:3    | Found Erolam's Book Shop.
 38737 | Elf:3    | Found Rarea's Book Shop.
 38747 | Elf:3    | Bought a manual of Fighting for 1280 gold pieces
 38764 | Elf:3    | Noticed Louise
 38776 | Elf:3    | Killed Louise
 38834 | Elf:3    | Received a gift from Okawaru
 39123 | Elf:3    | Identified the +8 chain mail "Biro Nou" {Dex+5} (Okawaru
                  | gifted it to you on level 3 of the Elven Halls)
 39123 | Elf:3    | Received a gift from Okawaru
 39205 | Elf:3    | Identified the orb of Twilight {guile, Int+2}
 39670 | Elf:3    | Reached skill level 24 in Fighting
 39678 | Elf:3    | Acquired 740 gold pieces
 39735 | Elf:3    | Identified the +1 scale mail "Yluot" {Fly rN+ Str+3 Slay-6}
 40188 | Vaults:1 | Entered Level 1 of the Vaults
 40394 | Vaults:1 | You are sucked into a shaft and drop 1 floor!
 40428 | Vaults:2 | Reached XP level 21. HP: 149/214 MP: 31/31
 41090 | Vaults:2 | Received a gift from Okawaru
 41247 | Vaults:2 | Identified the +4 whip "Pyixisk" {holy, rPois rC+}
 41272 | Vaults:2 | Identified the +3 ring mail "Venugg Gegu" {*Corrode Slay+2
                  | SInv} (Okawaru gifted it to you on level 2 of the Vaults)
 41272 | Vaults:2 | Received a gift from Okawaru
 41376 | Vaults:2 | Noticed Margery
 41386 | Arena    | Entered the Arena
 41395 | Arena    | Killed Margery
 41840 | Vaults:2 | Reached skill level 10 in Staves
 42010 | Vaults:2 | Got Womemp's Almanac of Sandy Shadows
 42222 | Vaults:2 | Reached skill level 25 in Fighting
 42273 | Vaults:2 | Found Suteotai's Book Boutique.
 42642 | Vaults:1 | Found a runed translucent gate.
 42642 | Vaults:1 | Found a runed translucent gate.
 42642 | Vaults:1 | Found a runed translucent gate.
 42646 | Vaults:1 | Noticed Reyb's ghost (veteran DsGl)
 42692 | Vaults:1 | Killed Reyb's ghost
 42733 | Vaults:1 | Identified the ring "Yruvimp" {rF+ Will+ Str+4}
 42735 | Vaults:1 | Identified the +0 pair of boots of Bysevar {rF+ rN+ Slay+3}
 42942 | Vaults:1 | Identified the +2 trident "Anwut" {flame, rF- rCorr Dex+3}
 43102 | Vaults:1 | Identified the +2 leather armour "Taasmir" {Fly Will++
                  | Str-5 Dex+2}
 43130 | Vaults:1 | Found Kyrph's Weapon Emporium.
 43380 | Vaults:1 | Found a huge runed gate.
 43380 | Vaults:1 | Found a huge runed gate.
 43380 | Vaults:1 | Found a huge runed gate.
 43380 | Vaults:1 | Found a huge runed gate.
 43380 | Vaults:1 | Found a huge runed gate.
 43380 | Vaults:1 | Found a huge runed gate.
 43381 | Vaults:1 | Found a huge runed gate.
 43381 | Vaults:1 | Found a huge runed gate.
 43381 | Vaults:1 | Found a huge runed gate.
 43381 | Vaults:1 | Found a huge runed gate.
 43381 | Vaults:1 | Found a huge runed gate.
 43382 | Vaults:1 | Found a huge runed gate.
 43383 | Vaults:1 | Found a huge runed gate.
 43383 | Vaults:1 | Found a huge runed gate.
 43384 | Vaults:1 | Found a huge runed gate.
 43385 | Vaults:1 | Found a huge runed gate.
 43386 | Vaults:1 | Found a huge runed gate.
 43394 | Vaults:1 | Found a huge runed gate.
 43394 | Vaults:1 | Found a huge runed gate.
 43394 | Vaults:1 | Found a huge runed gate.
 43394 | Vaults:1 | Found a huge runed gate.
 43394 | Vaults:1 | Found a huge runed gate.
 43394 | Vaults:1 | Found a huge runed gate.
 43395 | Vaults:1 | Found a huge runed gate.
 43396 | Vaults:1 | Found a huge runed gate.
 43397 | Vaults:1 | Found a huge runed gate.
 43405 | Vaults:1 | Found a huge runed gate.
 43405 | Vaults:1 | Found a huge runed gate.
 43405 | Vaults:1 | Found a huge runed gate.
 43405 | Vaults:1 | Found a huge runed gate.
 43405 | Vaults:1 | Found a huge runed gate.
 43405 | Vaults:1 | Found a huge runed gate.
 43406 | Vaults:1 | Found a huge runed gate.
 43407 | Vaults:1 | Found a huge runed gate.
 43408 | Vaults:1 | Found a huge runed gate.
 43416 | Vaults:1 | Found a huge runed gate.
 43635 | Vaults:1 | Identified the +5 rapier of Goucwero {venom, Stlth+}
 43717 | Vaults:1 | Identified the +2 scale mail of the Ego {rN+++ Will- Str+3}
 44147 | Vaults:3 | Received a gift from Okawaru
 44421 | Vaults:3 | Received a gift from Okawaru
 44707 | Vaults:3 | Identified the +0 pair of gloves of Vapty {Str+4 Slay-6}
                  | (Okawaru gifted it to you on level 3 of the Vaults)
 44707 | Vaults:3 | Received a gift from Okawaru
 44899 | Vaults:3 | Found a staircase to the Crypt.
 45478 | Vaults:4 | Noticed Mennas
 45518 | Vaults:4 | Killed Mennas
 45519 | Vaults:4 | Reached XP level 22. HP: 107/228 MP: 32/32
 45896 | Vaults:4 | Reached skill level 26 in Fighting
 46823 | Vaults:5 | Entered Level 5 of the Vaults
 46986 | Vaults:4 | Identified the +2 robe of Plog {Harm *Slow rN+ Str+3}
                  | (Okawaru gifted it to you on level 4 of the Vaults)
 46986 | Vaults:4 | Received a gift from Okawaru
 47059 | Vaults:5 | Noticed a golden dragon
 47077 | Vaults:5 | Killed a golden dragon
 47088 | Vaults:5 | Noticed a dread lich
 47093 | Vaults:5 | Noticed a golden dragon
 47109 | Vaults:4 | Killed a dread lich
 47110 | Vaults:4 | Reached skill level 15 in Staves
 47461 | Vaults:5 | Noticed an ancient lich
 47473 | Vaults:5 | Killed an ancient lich
 47491 | Vaults:5 | Killed a golden dragon
 47492 | Vaults:5 | Identified the ring "Obeoll" {rElec rF+ Will+ Int-4 Dex+6}
 47495 | Vaults:5 | Killed from afar by a frost giant

Illustrated notes

Levels and vault maps discovered:
D:1:      minmay_arrival_loop, layout_basic, ebering_ecumenical_altar_webs,
          moated_statue, minmay_tetromino_s2
D:2:      minmay_angry_zag, layout_basic, serial_shops,
          nicolae_shop_behind_doors, nicolae_shop_bloodbath_and_beyond,
          minmay_cut_off
D:3:      kennysheep_slugbush, layout_basic, uniq_sigmund, uniq_terence
D:4:      layout_layer_cave, gammafunk_temple_overflow_claw,
          nicolae_tso_besieged_by_evil, minivault_24, uniq_grinder
D:5:      layout_loops_ring, mainiacjoe_overflow_small_starburst,
          minmay_temple_entry_grid, minmay_misc_feat_square
D:6:      cheibrodos_iron_armory, layout_basic, bloody_trog, marbit_many_paths,
          serial_shops, shop, shop, biasface_ghost_orc_armoury,
          minmay_manual_mares
D:7:      erik_cavepeople, layout_basic
D:8:      layout_gridville, nicolae_uskayaw_dance_hall
D:9:      layout_loops_corners, grunt_qazlal_clouds,
          gammafunk_ghost_berserking_beasts, uniq_psyche, uniq_pikel
D:10:     layout_loops_ring, grunt_temple_overflow_opulence,
          erik_lair_orcish_takeover, orc_0_dummy, enter_bailey_5
D:11:     layout_loops_cross, gammafunk_ghost_stat_death
D:12:     layout_long_grid
D:13:     minmay_the_grid_octo_tiled_squarecenter [minmay_the_grid_octo_focus,
          minmay_the_grid_octo_clover, minmay_the_grid_octo_fat_diamond,
          minmay_the_grid_octo_vomiting_pacman,
          minmay_the_grid_square_5x5_megaprize_hollow,
          minmay_the_grid_square_5x5_fat_x,
          minmay_the_grid_square_5x5_two_walls_b,
          minmay_the_grid_square_5x5_hourglass,
          minmay_the_grid_square_5x5_sharp_hourglass], layout_cave_pools,
          david_vaults_3, serial_shops, nicolae_shop_window_shopping,
          gammafunk_ghost_spectres, columned_hall_lemuel, xom_shifter_show
D:14:     layout_loops_ring, dreamdust_princess_corridor
D:15:     gammafunk_enter_depths_forms, layout_irregular_city,
          hangedman_decor_lopped, serial_shops, shop
Lair:1:   layout_cave_pods, nicolae_quartered_pool_little, grunt_megastairs_3,
          uniq_amaemon, uniq_urug
Lair:2:   layout_roguey, infiniplex_staircase_pool_2
Lair:3:   layout_cave_pods, elwin_shoals_entry_rooms,
          guppyfry_snake_entry_island, uniq_sonja
Lair:4:   layout_long_grid, lemuel_old_faithful
Lair:5:   hellmonk_lair_end_abyssal_woods, layout_misc_corridors,
          dpeg_slime_entry_enclosed, minivault_11
Shoals:1: layout_shoals, nicolae_shoals_wave_tunnel
Shoals:2: layout_shoals, centaur_isle
Shoals:3: layout_shoals, serial_shops, bzr_firewalk, uniq_mara
Shoals:4: shoals_end_hellmonk_storm_palace [storm_palace_center_circular,
          storm_palace_corner_blocked, storm_palace_corner_pillars,
          storm_palace_corner_pillars, storm_palace_corner_pillars],
          uniq_polyphemus
Snake:1:  layout_misc_corridors, ebering_ghost_xom, drop_trap, st_stairs_5,
          nicolae_snake_lava_pool, uniq_aizul, uniq_mlioglotl
Snake:2:  layout_rooms, serial_shops, shop, nrook_guardian_serpent_ordinary,
          minmay_shop_star
Snake:3:  layout_basic, serial_bayou, serial_bayou_lake_a, serial_bayou_ford_a,
          serial_bayou_lagoon_b, serial_bayou_shore_b,
          nicolae_snake_horde_hoard, uniq_saint_roka, uniq_roxanne
Snake:4:  grunt_snake_rune_pools, layout_cave_town
Orc:1:    layout_caves, elves_outpost_lemuel, uniq_fannar, uniq_erolcha
Orc:2:    st_orc_town, layout_caves, maelrawn_ghost_gauntlet_escape,
          serial_shops, nicolae_shop_statue_plus,
          portal_ice_cave_entry_pillars_2, nooodl_orcs_dogs
Elf:1:    eino_elf_arrival_the_gate, layout_onion_city, minivault_28,
          minmay_elf_necromancy
Elf:2:    nicolae_elf_blades_crystal_corner, layout_onion_city
Elf:3:    minmay_elf_hall_spiked, layout_loops_ring, fountainhead,
          minmay_shop_grove, uniq_louise
Vaults:1: gammafunk_ghost_tricky_traps, v_misc_16, v_misc_24,
          vaults_room_door_ring, ontoclasm_vaults_hangar,
          nicolae_vaults_alarming, nicolae_vaults_little_squares_3,
          not_door_vault_mu, vaults_room_stairs_pillars, layout_vaults_omnigrid,
          serial_shops, nicolae_lakefront_shop
Vaults:2: nicolae_vaults_halls_meeting, vaults_room_door_hall,
          ontoclasm_vaults_ligature, vaults_room_grid, v_misc_15, v_misc_27,
          vaults_dpeg_cross, nicolae_vaults_circle_grid_b, v_misc_10,
          dpeg_vaults_monster_row, vaults_room_corners,
          vaults_dpeg_encased_lava, layout_vaults_ring, serial_shops,
          nicolae_diamond_shop, uniq_margery
Vaults:3: vaults_mumra_chevron_long, v_misc_1, vaults_room_octagon,
          ontoclasm_vaults_shuriken, minmay_crypt_entry_simple_box, v_rooms_6,
          nicolae_vaults_inception_scallops, v_misc_9, grunt_vaults_swirl,
          nicolae_vaults_three_branches, layout_vaults_omnicross
Vaults:4: v_misc_17, serial_ice_h, ontoclasm_vaults_chip,
          hangedman_vaults_cutoff, hangedman_vaults_capsules,
          grunt_vaults_twisty, nicolae_vaults_bisected_exclaves,
          ontoclasm_vaults_chip, layout_vaults_big_room, uniq_mennas
Vaults:5

Skill      XL: |  1  2  3  4  5  6  7  8  9 10 11 12 13 14 15 16 17 18 19 20 21 22 |
---------------+-------------------------------------------------------------------+-----
Axes           | 3 4 5 6 8 9 12 14 17 18 19 | 19.3
Armour         | 4 5 7 8 9 10 12 13 15 16 18 21 23 24 25 | 25.8
Fighting       | 4 5 6 7 8 9 10 12 13 15 16 18 21 22 24 25 26 | 26.9
Shields        | 4 5 6 7 8 9 10 12 13 15 16 18 19 20 22 23 | 23.5
Throwing       | 1 2 3 4 5 6 7 8 9 10 | 10.0
Invocations    | 1 3 4 5 6 8 9 10 12 13 14 15 | 15.0
Staves         | 3 8 12 15 | 15.3

Action                     |  1- 3 |  4- 6 |  7- 9 | 10-12 | 13-15 | 16-18 | 19-21 | 22-24 || total
---------------------------+-------+-------+-------+-------+-------+-------+-------+-------++-------
  Melee: War axe           |    94 |    86 |   200 |   118 |   693 |  1115 |   988 |   180 ||  3474
         Headbutt          |    11 |    12 |    46 |    93 |   183 |   258 |   279 |    56 ||   938
         Broad axe         |       |       |       |   307 |       |       |       |       ||   307
         Unarmed           |       |       |       |     9 |       |       |       |       ||     9
  Throw: Dart              |       |     3 |       |       |       |       |       |       ||     3
         Boomerang         |       |       |     3 |    19 |    30 |   169 |   235 |    21 ||   477
 Invoke: Heroism           |       |       |     2 |     2 |     5 |     5 |     4 |     1 ||    19
         Finesse           |       |       |       |     1 |     3 |     6 |     4 |     1 ||    15
         Duel              |       |       |       |       |       |       |     1 |       ||     1
    Use: Scroll            |     4 |     2 |     8 |    26 |     8 |    17 |    12 |       ||    77
         Potion            |       |       |     2 |     1 |       |     3 |     4 |       ||    10
   Stab: Petrified         |       |       |       |       |     3 |       |     6 |       ||     9
         Petrifying        |       |       |       |       |     1 |       |     1 |       ||     2
 Armour: Scale mail        |    31 |       |       |       |       |       |       |       ||    31
         Chain mail        |    45 |    83 |   121 |   126 |       |       |       |       ||   375
         Skin              |       |       |       |     2 |       |       |       |       ||     2
         Plate armour      |       |       |       |   127 |   583 |   642 |   506 |   116 ||  1974
  Dodge: Dodged            |    48 |    47 |    77 |   141 |   178 |   215 |   212 |    37 ||   955
  Block: Buckler           |    31 |    17 |    63 |   131 |    43 |       |       |       ||   285
         Kite shield       |       |       |       |       |   446 |   148 |       |       ||   594
         Tower shield      |       |       |       |       |       |  1233 |  1214 |   261 ||  2708
         Reflection        |       |       |       |       |       |   142 |   142 |    13 ||   297

Table legend: (Time is in decaauts)
 A = Elapsed time spent in this place.
 B = Non-inter-level travel time spent in this place.
 C = Inter-level travel time spent in this place.
 D = Time resting spent in this place.
 E = Time spent auto-exploring this place.
 F = Levels seen in this place.
 G = Mean time per level.
                   A        B        C        D        E       F      G
               +--------+--------+--------+--------+--------+-----+--------+
         Total |  47156 |  44740 |   2416 |   6042 |  26284 |  42 | 1122.8 |
       Dungeon |  14462 |  13352 |   1110 |    629 |   8854 |  15 |  964.1 |
          Lair |   5126 |   4667 |    459 |    257 |   3251 |   5 | 1025.2 |
        Shoals |   5593 |   5437 |    156 |   1130 |   2516 |   4 | 1398.2 |
     Snake Pit |   6346 |   6167 |    179 |   1523 |   2934 |   4 | 1586.5 |
  Orcish Mines |   2003 |   1892 |    111 |    297 |    796 |   2 | 1001.5 |
   Elven Halls |   5408 |   5164 |    244 |    782 |   3188 |   3 | 1802.7 |
        Vaults |   7092 |   6938 |    154 |   1182 |   4418 |   5 | 1418.4 |
        Bazaar |    358 |    358 |      0 |    201 |     88 |   1 |  358.0 |
        Bailey |    362 |    362 |      0 |     13 |    143 |   1 |  362.0 |
      Ice Cave |    373 |    373 |      0 |      8 |     94 |   1 |  373.0 |
         Arena |     27 |     27 |      0 |     19 |      0 |   1 |   27.0 |
               +--------+--------+--------+--------+--------+-----+--------+

Top non-repeatable levels by time:
   Elf:2: 2206 daAuts
 Snake:3: 2109 daAuts
Vaults:4: 1988 daAuts
 Snake:4: 1937 daAuts
Vaults:2: 1839 daAuts
Shoals:4: 1830 daAuts
Vaults:1: 1678 daAuts
   Elf:3: 1645 daAuts
Shoals:1: 1606 daAuts
   Elf:1: 1556 daAuts
Vaults:3: 1517 daAuts
  Lair:5: 1462 daAuts
     D:6: 1384 daAuts
     D:4: 1383 daAuts
 Snake:1: 1364 daAuts
